 Dungeon Crawl Stone Soup version 0.26.1-11-gd32895ea62 (webtiles) character file.

Game seed: 15486963783385613156

46 buriedalive the Chiller (level 3, -2/19 HPs)
             Began as a Deep Elf Ice Elementalist on June 21, 2021.
             Slain by a bullfrog skeleton (5 damage)
             ... on level 2 of the Dungeon.
             The game lasted 00:02:30 (2262 turns).

buriedalive the Chiller (Deep Elf Ice Elementalist) Turns: 2262, Time: 00:02:30

Health: -2/19      AC:  3    Str:  5    XL:     3   Next: 46%
Magic:  9/9        EV: 14    Int: 20    God:
Gold:   76         SH:  0    Dex: 15    Spells: 7/8 levels left

rFire    . . .     SeeInvis .   e - +0 short sword (venom)
rCold    . . .     Faith    .   (no shield)
rNeg     . . .     Spirit   .   a - +0 robe
rPois    .         Reflect  .   (no helmet)
rElec    .         Harm     .   g - +0 cloak
rCorr    .         Rampage  .   (no gloves)
Will     .....                  (no boots)
Stlth    ++........             (no amulet)
HPRegen  0.06/turn              (no ring)
MPRegen  0.11/turn              (no ring)

@: no status effects
A: no striking features
a: no special abilities


You were on level 2 of the Dungeon.
You visited 1 branch of the dungeon, and saw 2 of its levels.

You collected 76 gold pieces.

Inventory:

Hand Weapons
 b - a +0 dagger
 e - a +0 short sword of venom (weapon)
Missiles
 d - 16 poisoned darts
 k - 33 stones
Armour
 a - a +0 robe (worn)
 g - a +0 cloak (worn)
Jewellery
 j - an uncursed ring of stealth {unknown}
Scrolls
 h - a scroll of identify {unknown}
Potions
 c - a potion of berserk rage {unknown}
 f - a potion of heal wounds {unknown}
 i - a potion of brilliance {unknown}
 l - a potion of might {unknown}


   Skills:
 + Level 3.8 Dodging
 - Level 2.4 Stealth
 - Level 3.0 Spellcasting
 + Level 5.1 Ice Magic


You had 7 spell levels left.
You knew the following spells:

 Your Spells              Type           Power        Failure   Level
a - Freeze                Ice            92%          1%          1

Your spell library contained the following spells:

 Spells                   Type           Power        Failure   Level
 Frozen Ramparts          Ice            46%          5%          3
 Ozocubu's Armour         Ice            23%          5%          3
 Hailstorm                Conj/Ice       13%          45%         4
 Summon Ice Beast         Ice/Summ       13%          45%         4


Dungeon Overview and Level Annotations

Branches:
Dungeon (2/15)

Altars:


Message History

The bullfrog skeleton closely misses you.
You hit the bullfrog skeleton but do no damage.
The bullfrog skeleton is moderately damaged.
The bullfrog skeleton closely misses you.
You barely miss the bullfrog skeleton.
The bullfrog skeleton is moderately damaged.
The bullfrog skeleton hits you.
The bullfrog skeleton closely misses you.
You are too injured to fight recklessly!
You are too injured to fight recklessly!
You are too injured to fight recklessly!
You hit the bullfrog skeleton.
The bullfrog skeleton is moderately damaged.
The bullfrog skeleton closely misses you.
You hit the bullfrog skeleton.
The bullfrog skeleton is moderately damaged.
The bullfrog skeleton hits you.
* * * LOW HITPOINT WARNING * * *
The bullfrog skeleton hits you.
You die...

#.#.##.####.#########)##
#.#.##.# .# #.......#
#......# # #.#####.#
#...#### #. #.# #...# #.
#.# #...# #. #.# ....#
#. #.# #.#)#####
#.###.#####.# ........#
#....Z@..##.# ###.###.#
#####.##.##.# #.# .#
####.##.##.# #.# ..
...........# #.# ###
###..####### #.# #.. ..#
#.. ### ...


You could see a bullfrog skeleton.

Vanquished Creatures
  3 leopard geckos (D:1)
  3 bats (D:1)
  7 goblins
  6 hobgoblins (D:1)
  6 jackals (D:1)
  4 kobolds (D:1)
  A ball python (D:1)
  A frilled lizard (D:1)
  A leopard gecko skeleton (D:2)
  6 rats (D:1)
38 creatures vanquished.

Notes
Turn   | Place    | Note
-------+----------+-------------------------------------------
     0 | D:1      | buriedalive the Deep Elf Ice Elementalist began the quest
                  | for the Orb.
     0 | D:1      | Reached XP level 1. HP: 10/10 MP: 6/6
   333 | D:1      | Reached XP level 2. HP: 15/15 MP: 6/8
  1047 | D:1      | Reached XP level 3. HP: 6/19 MP: 0/9
  1393 | D:1      | Reached skill level 5 in Ice Magic
  2262 | D:2      | Slain by a bullfrog skeleton

Illustrated notes

Levels and vault maps discovered:
D:1:      lightli_arrival_isolated_outpost, layout_basic,
          kennysheep_decorative_pillar, minmay_cut_off
D:2:      layout_loops_ring, ashenzari_altar_1

Skill      XL: |  1  2  3 |
---------------+----------+-----
Dodging        | 3 |  3.8
Ice Magic      | 5 |  5.1
Stealth        | |  2.4
Spellcasting   | |  3.0

Action                   || total
-------------------------++-------
Melee: Unarmed           ||    13
       Dagger            ||    19
       Short sword       ||    25
 Cast: Freeze            ||    38
 Stab: Sleeping          ||     6
Armor: Robe              ||    11
Dodge: Dodged            ||    74
